 Dungeon Crawl Stone Soup version 0.29.1-13-g9f3cf754e1 (webtiles) character file.

Game seed: 8251716987326996970

47 ChrisAssaf the Sneak (level 3, -1/28 HPs)
             Began as a Djinni Brigand on Feb 1, 2023.
             Killed from afar by an orc wizard (10 damage)
             ... with a magic dart
             ... on level 2 of the Dungeon.
             The game lasted 00:05:48 (1422 turns).

ChrisAssaf the Sneak (Djinni Brigand)               Turns: 1422, Time: 00:05:48

Health: -1/28      AC:  3    Str: 10    XL:     3   Next: 97%
Gold:   63         EV: 12    Int: 14    God:
                   SH:  0    Dex: 14

rFire   + + .      SeeInvis .   a - +2 dagger
rCold   x . .      Faith    .   (no shield)
rNeg    . . .      Spirit   .   b - +0 robe
rPois   ∞          Reflect  .   (no helmet)
rElec   .          Harm     .   c - +0 cloak
rCorr   .          Rampage  .   (no gloves)
Will    .....                   (boots unavailable)
Stlth   +++.......              (no amulet)
HPRegen 0.09/turn               (no ring)
MPRegen 0.00/turn               (no ring)

@: flying
A: sickness immunity, fire resistance 2, cold vulnerability 1, float, innate
caster, HP casting, extra vitality 1
a: no special abilities


You were on level 2 of the Dungeon.
You visited 1 branch of the dungeon, and saw 3 of its levels.

You collected 89 gold pieces.
You spent 26 gold pieces at shops.

Inventory:

Hand Weapons
 a - a +2 dagger (weapon)
Missiles
 d - 4 poisoned darts (quivered)
 e - 3 curare-tipped darts
Armour
 b - a +0 robe (worn)
 c - a +0 cloak (worn)
Potions
 f - a potion of cancellation {unknown}
 g - a potion of curing {unknown}
 i - a potion of magic
 j - a potion of ambrosia {unknown}


   Skills:
 * Level 2.1 Fighting
 * Level 2.0 Short Blades
 * Level 1.9 Throwing
 * Level 0.5 Armour
 * Level 1.3 Dodging
 * Level 3.9 Stealth
 * Level 0.3 Spellcasting


You had one spell level left.
You knew the following spells:

 Your Spells              Type           Power      Damage    Failure   Level
a - Necrotise             Necr           4%         1d4       24%         1
Your spell library was empty.

Dungeon Overview and Level Annotations

Branches:
Dungeon (3/15)

Altars:

Shops:
D:1 *


Innate Abilities, Weirdness & Mutations

You are immune to sickness and miasma.
You are immune to poison.
Your flesh is very heat resistant. (rF++)
You are vulnerable to cold. (rC-)
You float through the air rather than walking.
You learn spells naturally, not from books.
Your magical power is your life essence.
You have superior vitality. (+4 MHP)


Message History

An orc comes into view. It is wielding a +0 hand axe.
The orc priest hits you with a +2 mace of draining.
You completely miss the orc priest.
The orc priest is almost dead.
You kill the orc priest!
The orc hits you with a +0 whip. Something hits you.
Your Short Blades skill increases to level 2!
You have reached level 3!
Your experience leads to an increase in your attributes!
Increase (S)trength, (I)ntelligence, or (D)exterity?
You feel clever. x2
The power to cast Necrotise wells up from within.
Spell assigned to 'a'.
Casting: Necrotise (safe; 24% risk of failure)
Confirm with . or Enter, or press ? or * to list all spells.
Aiming: Necrotise (safe; 24% risk of failure)
Press: ? - help, Shift-Dir - straight line, f - orc
Aim: an orc, wielding a +0 whip and wearing a +0 chain mail (chance to affect: 53%)
The orc resists with significant effort.
The orc hits you but does no damage. Something hits you.
Unknown command.
The orc attacks as you move away! The orc hits you but does no damage.
Something hits you but does no damage.
There is a stone staircase leading up here.
The orc hits you but does no damage. Something hits you but does no damage.
You fly upwards.
Reactivating autopickup.
There is a stone staircase leading down here.
You hit the orc but do no damage. Something hits you.
Deactivating autopickup; reactivate with Ctrl-A.
The orc closely misses you.
You hit the orc but do no damage.
You hear some strange, mumbled words.
Something tries to affect you, but you resist.
The orc hits you but does no damage.
You barely miss the orc.
You hear some strange, mumbled words.
A magic dart appears from out of thin air!
The magic dart hits you!
You die...

##.#.#.....##.# #........#.
...#.#........#########........#.
####.#.####.##.......###.......#.
####.#...............# #####.#.#.
.....######.##.......#### #.#.#.
###### #.##.######...####.#.#.
###########.##.######.#......#.#.
..†..#...##......(........####.#.
.....#...#####.#@o.##.....# #>#.
.....#...#.....#{..##.....# #.#.
.....#...#.#####..........# #.#^
.....#...#.# #(..######.# #.#.
.....#...#.#####...######.# #.#.
.........#.........#......# #...
########.######....#.####.# *#..
####...#.#....#.#.##.##########..
#.......<#.##.#.#.##.#...........


You could see an orc.

Vanquished Creatures
  An orc priest (D:3)
  A dart slug (D:2)
  An orc (D:3)
  An endoplasm (D:1)
  A giant cockroach (D:2)
  A goblin (D:2)
  3 hobgoblins
  A kobold (D:1)
  A quokka (D:2)
  2 ball pythons
  A frilled lizard (D:2)
  A rat (D:2)
15 creatures vanquished.

Notes
Turn   | Place    | Note
-------+----------+-------------------------------------------
     0 | D:1      | ChrisAssaf the Djinni Brigand began the quest for the Orb.
     0 | D:1      | Reached XP level 1. HP: 18/18 MP: 0/0
    60 | D:1      | Found Dikhlarit's Assorted Antiques.
   363 | D:1      | Bought a scroll labelled AVVIPH APTU for 26 gold pieces
   460 | D:1      | Reached XP level 2. HP: 23/23 MP: 0/0
  1416 | D:3      | Reached XP level 3. HP: 12/28 MP: 0/0
  1416 | D:3      | Learned a level 1 spell: Necrotise
  1422 | D:2      | Killed from afar by an orc wizard

Illustrated notes

Levels and vault maps discovered:
D:1:      dpeg_arrival_castle, layout_basic, serial_shops, nicolae_diamond_shop,
          hangedman_decor_riveting
D:2:      layout_basic
D:3:      layout_rooms, mainiacjoe_overflow_catch_the_wave,
          hellmonk_ecumenical_altar_lost_god, st_stairs_12

Skill      XL: |  1  2 |
---------------+-------+-----
Short Blades   | 2 |  2.0
Fighting       | |  2.1
Throwing       | |  1.9
Armour         | |  0.5
Dodging        | |  1.3
Stealth        | |  3.9
Spellcasting   | |  0.3

Action                   || total
-------------------------++-------
Melee: Dagger            ||    40
       Punch             ||     1
Throw: Dart              ||    17
 Cast: Necrotise         ||     1
  Use: Scroll            ||     8
       Potion            ||     1
 Stab: Sleeping          ||     2
Armor: Robe              ||     9
Dodge: Dodged            ||    17
